 Dungeon Crawl Stone Soup version 0.20.1-1-g8b1a95d (webtiles) character file.

156 Kingsmith the Shield-Bearer (level 5, -1/45 HPs)
             Began as a Minotaur Fighter on Dec 9, 2017.
             Was an Initiate of the Shining One.
             Slain by Grinder (6 damage)
             ... while paralysed by Grinder
             ... on level 4 of the Dungeon.
             The game lasted 00:02:53 (1975 turns).

Kingsmith the Shield-Bearer (Minotaur Fighter)      Turns: 1975, Time: 00:02:54

Health: -1/45      AC:  8    Str: 21    XL:     5   Next: 15%
Magic:  4/4        EV:  2    Int: 10    God:    the Shining One [......]
Gold:   223        SH:  0    Dex: 10    Spells: 4/4 levels left

rFire    . . .     SeeInvis .     - Unarmed
rCold    . . .     Gourm    .   b - +0 shield
rNeg     . . .     Faith    .   a - +0 scale mail
rPois    .         Spirit   .   (helmet restricted)
rElec    .         Reflect  .   e - +0 cloak
rCorr    .         Harm     .   (no gloves)
MR       .....                  (no boots)
Stlth    ..........             (no amulet)
Regen    0.2/turn               k - +3 ring of slaying
MPRegen  0.1/turn               (no ring)

@: paralysed, brilliant, glowing
A: retaliatory headbutt, horns 2
a: Renounce Religion


You were on level 4 of the Dungeon.
You worshipped the Shining One.
The Shining One was noncommittal.
You were hungry.

You visited 1 branch of the dungeon, and saw 4 of its levels.

You collected 223 gold pieces.

Inventory:

Missiles
 q - 3 javelins (quivered)
Armour
 a - a +0 scale mail (worn)
 b - a +0 shield (worn)
 e - a +0 cloak (worn)
Jewellery
 k - a +3 ring of slaying (left hand)
 n - a +2 ring of protection {unknown}
 t - an uncursed ring of see invisible {unknown}
Scrolls
 f - a scroll of remove curse {unknown}
 g - 2 scrolls of enchant weapon {unknown}
 i - a scroll of noise {unknown}
 o - a scroll of random uselessness {unknown}
 p - a scroll of amnesia {unknown}
 r - a scroll of recharging {unknown}
 s - a scroll of blinking {unknown}
 v - 2 scrolls of identify {unknown}
Potions
 c - a potion of might
 h - a potion of brilliance
 l - a potion of agility {unknown}
 m - a potion of curing {unknown}
Comestibles
 d - 3 bread rations
 j - 2 royal jellies


   Skills:
 - Level 3.6 Fighting
 - Level 3.6 Armour
 + Level 7.1 Shields
 - Level 2.1 Unarmed Combat


You had 4 spell levels left.
You didn't know any spells.

Dungeon Overview and Level Annotations

Branches:
Dungeon (4/15)
 Temple: D:4-7

Altars:
Dithmenos
Ru
The Shining One

Annotations:
D:4 Grinder


Innate Abilities, Weirdness & Mutations

You reflexively headbutt those who attack you in melee.
You have a pair of horns on your head.


Message History

Grinder hits you.
You writhe in agony.
An iguana comes into view.
The iguana hisses angrily.
Grinder hits you.
You writhe in agony.
You can move again.
You hit Grinder. You headbutt Grinder!
Grinder is moderately wounded.
Grinder gestures at you.
You shrug off the repeated paralysis!
Grinder gestures at you. Pain shoots through your body!
* * * LOW HITPOINT WARNING * * *
It was a potion of brilliance.
You feel clever all of a sudden. Grinder gestures at you.
You suddenly lose the ability to move!
Grinder hits you.
* * * LOW HITPOINT WARNING * * *
You writhe in agony.
You die...

#### .....
#####l.....
#$.@5w.#
#.###.##
#.# # #.#
#.# #.# #.#
#.# #..
#.###..#


You could see Grinder, a worm and an iguana.

Vanquished Creatures
  Terence (D:3)
  3 gnolls
  3 adders
  An ooze (D:1)
  2 worms
  3 dart slugs
  3 leopard geckos
  4 orcs (D:3)
  5 giant cockroaches
  4 goblins
  5 hobgoblins
  3 jackals (D:1)
  4 bats
  4 frilled lizards
  5 kobolds
  6 rats
56 creatures vanquished.

Notes
Turn   | Place    | Note
-------+----------+-------------------------------------------
     0 | D:1      | Kingsmith the Minotaur Fighter began the quest for the Orb.
     0 | D:1      | Reached XP level 1. HP: 19/19 MP: 0/0
    20 | D:1      | Reached skill level 4 in Shields
   117 | D:1      | Reached XP level 2. HP: 24/26 MP: 1/1
   322 | D:1      | Reached skill level 5 in Shields
   432 | D:1      | Reached XP level 3. HP: 31/31 MP: 2/2
  1017 | D:2      | Reached skill level 6 in Shields
  1017 | D:2      | Reached XP level 4. HP: 39/39 MP: 3/3
  1417 | D:3      | Found a glowing golden altar of the Shining One.
  1443 | D:3      | Noticed Terence
  1452 | D:3      | Killed Terence
  1452 | D:3      | Reached XP level 5. HP: 35/45 MP: 4/4
  1481 | D:3      | Reached skill level 7 in Shields
  1512 | D:3      | Found a shadowy altar of Dithmenos.
  1635 | D:3      | Found a sacrificial altar of Ru.
  1888 | D:3      | Became a worshipper of the Shining One
  1966 | D:4      | Noticed Grinder
  1970 | D:4      | Paralysed by Grinder for 3 turns
  1974 | D:4      | Paralysed by Grinder for 7 turns
  1975 | D:4      | Slain by Grinder

Skill      XL: |  1  2  3  4  5 |
---------------+----------------+-----
Shields        | 4 5 6 7 |  7.1
Fighting       | |  3.6
Armour         | |  3.6
Unarmed Combat | |  2.1

Action                   |  1- 3 |  4- 6 || total
-------------------------+-------+-------++-------
Melee: Unarmed           |    93 |    77 ||   170
       Headbutt          |    19 |     9 ||    28
  Use: Potion            |       |     1 ||     1
  Eat: Chunk             |       |     3 ||     3
Armor: Scale mail        |    48 |    19 ||    67
Dodge: Dodged            |    16 |    15 ||    31
Block: Shield            |    43 |    33 ||    76
